 Dungeon Crawl Stone Soup version 0.30-a0-743-gbfdf073431 (webtiles) character file.

Game seed: 1003636062633934364

22194 Aneyh the Fighter (level 12, -16/75 HPs)
             Began as a Tengu Monk on Feb 7, 2023.
             Was a High Priest of Hepliaklqana.
             Killed from afar by Frances (46 damage)
             ... with an iron shot
             ... on level 14 of the Dungeon.
             The game lasted 00:44:51 (15103 turns).

Aneyh the Fighter (Tengu Monk)                     Turns: 15103, Time: 00:44:52

Health: -16/75     AC:  5    Str: 25    XL:     12   Next: 97%
Magic:  13/13      EV: 24    Int: 13    God:    Hepliaklqana [*****.]
Gold:   1139       SH:  0    Dex: 16    Spells: 8/11 levels left

rFire   + . .      SeeInvis .    b - +7 triple crossbow of the Poles {freeze, Will+ rCorr Int+2}
rCold   . . .      Faith    .    (shield currently unavailable)
rNeg    . . .      Spirit   .    y - +1 robe of Decompression {rF+ Regen+ Str+2 Stlth+}
rPois   .          Reflect  .    (helmet restricted)
rElec   .          Harm     .    (no cloak)
rCorr   +          Rampage  .    B - +1 pair of gloves
Will    +....                    (boots unavailable)
Stlth   +++                      D - amulet of magic regeneration
HPRegen 1.12/turn                d - +6 ring of strength
MPRegen 0.53/turn                h - +5 ring of evasion

@: about to teleport, flying quickly and evasively, quick
A: reduced essence, beak, talons 3, nimble flight
a: Renounce Religion, Recall Ancestor, Ancestor Identity, Transference, Idealise


You were on level 14 of the Dungeon.
You worshipped Hepliaklqana.
Hepliaklqana was extremely pleased with you.
You visited 2 branches of the dungeon, and saw 15 of its levels.
You also visited: Ossuary.

You collected 1139 gold pieces.

Inventory:

Hand Weapons
 a - a +0 halberd
 b - the +7 triple crossbow of the Poles (weapon) {freeze, Will+ rCorr Int+2}
   (You took it off a centaur warrior on level 8 of the Dungeon)

   Int:       It affects your intelligence (+2).
   rCorr:     It protects you from acid and corrosion.
   Will:      It increases your willpower.
 C - a +0 heavy great mace
 J - a +3 scimitar of freezing
 V - a +0 battleaxe
 W - a +1 demon trident of venom
Missiles
 f - 4 silver javelins
 o - 2 throwing nets
Armour
 i - the +5 ring mail of the Valley of Death {rElec rC+ Will+++ Str-5}
   (You found it on level 11 of the Dungeon)

   Str:       It affects your strength (-5).
   rC:        It protects you from cold.
   rElec:     It insulates you from electricity.
   Will:      It greatly increases your willpower.
 y - the +1 robe of Decompression (worn) {rF+ Regen+ Str+2 Stlth+}
   (You found it on level 3 of the Dungeon)

   Str:       It affects your strength (+2).
   rF:        It protects you from fire.
   Regen:     It increases your rate of health regeneration.
   Stlth:     It makes you more stealthy.
 B - a +1 pair of gloves (worn)
 H - a +0 troll leather armour
 I - the +0 leather armour of the Blacksmith {rPois}
   (You found it on level 4 of the Dungeon)

   rPois:     It protects you from poison.
 N - +0 acid dragon scales
Jewellery
 d - a +6 ring of strength (left hand)
 h - a +5 ring of evasion (right hand)
 j - a ring of protection from fire
 l - a ring of magical power
 v - a ring of ice
 D - an amulet of magic regeneration (around neck)
 Q - a +6 ring of intelligence
 R - a ring of willpower
 Z - a ring of see invisible
Wands
 k - a wand of charming (9)
 x - a wand of flame (28)
 O - a wand of roots (10)
 U - a wand of mindburst (20)
Scrolls
 c - 2 scrolls of fog {unknown}
 e - 2 scrolls of enchant armour
 g - a scroll of blinking {unknown}
 m - 9 scrolls of identify
 n - 3 scrolls of teleportation
 q - 3 scrolls of enchant weapon
 s - a scroll of silence
 w - 3 scrolls of poison
 L - 4 scrolls of amnesia
 M - 2 scrolls of fear
 S - a scroll of butterflies
 T - a scroll of magic mapping {unknown}
Potions
 p - 2 potions of magic
 r - 4 potions of might
 t - 3 potions of cancellation {unknown}
 u - 5 potions of brilliance
 z - 3 potions of resistance
 A - a potion of mutation {unknown}
 E - 4 potions of curing
 F - 6 potions of berserk rage
 G - 3 potions of lignification
 K - 3 potions of attraction
 P - 2 potions of heal wounds {unknown}
Miscellaneous
 X - a box of beasts


   Skills:
 + Level 13.6 Fighting
 - Level 11.0 Polearms
 * Level 12.4 Ranged Weapons
 + Level 7.8 Dodging
 - Level 2.0 Stealth
 - Level 5.0 Summonings


You had 8 spell levels left.
You knew the following spells:

 Your Spells              Type           Power      Damage    Failure   Level
a - Call Canine Familiar  Summ           13%        N/A       12%         3

Your spell library contained the following spells:

 Spells                   Type           Power      Damage    Failure   Level
 Freeze                   Ice            0%         1d3       30%         1
 Cigotuvi's Dreadful Rot  Necr/Pois/Air  0%         N/A       43%         2
 Poisonous Vapours        Pois/Air       0%         N/A       43%         2
 Frozen Ramparts          Ice            0%         1d1       67%         3
 Hailstorm                Conj/Ice       0%         3d3       67%         3
 Mephitic Cloud           Conj/Pois/Air  0%         N/A       67%         3
 Portal Projectile        Hex/Tloc       0%         N/A       67%         3
 Leda's Liquefaction      Hex/Erth       0%         N/A       97%         4


Dungeon Overview and Level Annotations

Branches:
Dungeon (14/15)            Temple (1/1) D:6            Lair (0/5) D:10
    Orc (0/2) D:10        Ossuary (visited)
 Vaults: D:13-14

Altars:
Ashenzari
Cheibriados
Dithmenos
Elyvilon
Fedhas
Hepliaklqana
Kikubaaqudgha
Makhleb
Okawaru
Qazlal
Sif Muna
Trog
Uskayaw
Vehumet
Wu Jian
Xom
Yredelemnul
Zin
The Shining One

Annotations:
D:3 3 runed translucent doors, Crazy Yiuf
D:7 2 transporters, Soil's ghost, novice FeFi
D:8 3 runed translucent doors, Nabski's ghost, novice TeFE; Rudyous's ghost, novice MiFi; bronco's ghost, novice BaGl
D:11 3 runed translucent doors, Kyeffe's ghost, journeyman GnTm; Marolof's ghost, journeyman DsBe; Wafas's ghost, journeyman MiFi; Widucin's ghost, novice FoFi; lotum's ghost, journeyman OpEE
D:14 Frances; Roxanne
Temple 2 transporters


Innate Abilities, Weirdness & Mutations

Your life essence is reduced to manifest your ancestor. (-10% HP)
You have a beak for a mouth.
You have claws for feet.
Your magical nature lets you fly swiftly and evasively.


Message History

Frances barely misses you.
Frances chants phrases taken from a devil's mouth.
Press: ? - help, v - describe, . - travel
Here: a rust devil (summoned)
The floor.
Dube barely misses Frances.
Frances hits Dube with a +3 halberd of protection!!
Dube hits Frances with a +0 dagger of draining.
Fire: b) +7 triple crossbow of the Poles {freeze, Will+ rCorr Int+2}
Press: ? - help, Q - select action, (/) - cycle Shift-Dir - straight line, f/p - Frances
Aim: Frances, wielding a +3 halberd of protection and wearing a +0 scale mail (moderately wounded, strong, ally target, 76% to hit)
You shoot a bolt. Dube avoids your attack.
The bolt barely misses Frances.
Dube barely misses Frances.
Frances screams a word of power!
Frances seems to speed up.
Dube hits Frances but does no damage.
Dube drains Frances.
The rust devil closely misses you.
Dube hits Frances with a +0 dagger of draining!
Dube drains Frances.
Frances screams a word of power!
The iron shot hits Dube!!
Dube is destroyed!
Fire: b) +7 triple crossbow of the Poles {freeze, Will+ rCorr Int+2}
Press: ? - help, Q - select action, (/) - cycle Shift-Dir - straight line, f/p - Frances
Aim: Frances, wielding a +3 halberd of protection and wearing a +0 scale mail (heavily wounded, fast, strong, lightly drained, 76% to hit)
You shoot a bolt. The bolt closely misses Frances.
Frances says, "Warriors are made for war and combat.
Do you call yourself a warrior?"
Frances hits you from afar with a +3 halberd of protection!!
The rust devil completely misses you.
Frances hits you from afar with a +3 halberd of protection.
The rust devil misses you.
Okay, then.
As you read the scroll of teleportation, it crumbles to dust.
You feel strangely unstable.
Frances hits you from afar with a +3 halberd of protection!!
Frances completely misses you. The rust devil completely misses you.
Frances whispers indecipherable words.
Frances chants phrases taken from a devil's mouth.
The iron shot hits you!!!
Ouch! That really hurt!
You die...

#########.....#########..[# #.#
##.............# #.#.# ..#
.#......#..###.# #####...######
##.............# #.............
......###...#### #.#...#...####
##..#.#.#...# #.#........>..
....#[#.#.#R# ######.............
......#.#...###....#'##########..
####'##.####....@..#..........#..
.R.........#.#..#..#..........#..
'#####.#####.....4.############..
.....###....###..3....... ####
...#.# #..#.#.#@..#####.. +...
...#.# #....#.'4..# #... (....+
#....#.#...# #...
.....###....#.#...... ####
............# ####..... #


You could see Frances (fast, strong, drained), a rust devil (summoned), a smoke
demon (summoned) and a red devil (summoned).

Vanquished Creatures
  Louise (D:14)
  4 centaur warriors
  3 boulder beetles
  A two-headed ogre (D:11)
  2 deep elf pyromancers
  2 cyclopes (D:11)
  An ugly thing (D:13)
  A manticore (D:8)
  A komodo dragon (D:10)
  An unseen horror (D:13)
  Psyche (D:9)
  A freezing wraith (D:12)
  3 trolls
  2 meliai (D:13)
  6 slime creatures
  A shadow (D:9)
  7 wraiths
  8 yaks
  A wyvern (D:11)
  3 vampire mosquitoes
  3 acid dragons
  A water moccasin (D:6)
  2 ice beasts
  7 orc warriors
  A sky beast (D:7)
  2 ogres
  8 centaurs
  2 kobold brigands
  2 bullfrogs
  2 gnoll sergeants
  2 necrophages (D:5)
  3 wights (D:8)
  3 killer bees
  3 howler monkeys
  2 hounds
  7 orc priests
  4 iguanas
  Natasha (twice) (D:4)
  11 orc wizards
  8 mummies (Ossuary)
  3 gnolls (D:9)
  9 adders
  2 white imps
  A nameless horror (D:8)
  2 ufetubi (D:6)
  2 worms
  A dart slug (D:4)
  47 orcs
  9 ball pythons
  6 bats
  7 endoplasms
  3 giant cockroaches
  2 goblins (D:2)
  5 hobgoblins
  4 quokkas
  10 frilled lizards (D:1)
  A hobgoblin zombie (Ossuary)
  9 kobolds
  3 orc zombies (Ossuary)
  3 rats
254 creatures vanquished.

Vanquished Creatures (collateral kills)
  An ugly thing (D:8)
  2 cyclopes
  2 komodo dragons (D:10)
  A meliai (D:13)
  A troll (D:12)
  A hornet (D:11)
  3 yaks
  2 basilisks
  A steam dragon (D:10)
  A vampire mosquito (D:9)
  An orc warrior (D:9)
  A necrophage (D:6)
  A wight (D:8)
  3 killer bees (D:10)
  A jelly (D:6)
  2 orc priests
  An iguana (D:3)
  2 orc wizards
  4 gnolls
  A dart slug (D:4)
  12 orcs
  A bat (D:3)
  4 kobolds
  4 orc zombies (Ossuary)
53 creatures vanquished.

Vanquished Creatures (others)
  15 hexers
  A plant (D:8)
  4 withered plants (D:8)
20 creatures vanquished.

Grand Total: 327 creatures vanquished

Notes
Turn   | Place    | Note
-------+----------+-------------------------------------------
     0 | D:1      | Aneyh the Tengu Monk began the quest for the Orb.
     0 | D:1      | Reached XP level 1. HP: 14/14 MP: 2/2
   233 | D:1      | Reached XP level 2. HP: 19/19 MP: 3/3
   248 | D:1      | Reached skill level 1 in Summonings
   583 | D:2      | Reached XP level 3. HP: 23/23 MP: 4/4
   949 | D:2      | Reached XP level 4. HP: 28/28 MP: 5/5
   971 | D:2      | Learned a level 3 spell: Call Canine Familiar
  1190 | D:2      | Noticed a golden eye
  1193 | D:2      | Found a faded altar of an unknown god.
  1194 | D:2      | Noticed a shining eye
  1194 | D:2      | Noticed a shining eye
  1194 | D:2      | Noticed a floating eye
  1436 | D:3      | Reached skill level 5 in Polearms
  1479 | D:3      | Found an iron altar of Okawaru.
  1606 | D:3      | Identified the +1 robe of Decompression {rF+ Regen+ Str+2
                  | Stlth+}
  1866 | D:3      | Gained mutation: Your magical nature lets you fly swiftly
                  | and evasively. [Tengu growth]
  1866 | D:3      | Reached XP level 5. HP: 23/32 MP: 6/6
  1930 | D:3      | Found a large runed translucent door.
  1930 | D:3      | Found a large runed translucent door.
  2057 | D:3      | Found a runed translucent door.
  2058 | D:3      | Noticed Crazy Yiuf
  2595 | D:3      | Reached XP level 6. HP: 19/37 MP: 5/7
  2613 | D:4      | Noticed Natasha
  2620 | D:4      | Killed Natasha
  2626 | D:4      | Found a sand-covered staircase.
  2631 | Ossuary  | Entered an ossuary
  2936 | D:4      | Identified the +0 leather armour of the Blacksmith {rPois}
  2946 | D:4      | Noticed Natasha
  2962 | D:4      | Killed Natasha
  3059 | D:4      | Noticed a nameless horror
  3108 | D:5      | Entered Level 5 of the Dungeon
  3124 | D:5      | Reached XP level 7. HP: 40/41 MP: 8/8
  3788 | D:6      | Reached skill level 4 in Fighting
  3788 | D:6      | Reached XP level 8. HP: 44/48 MP: 9/9
  3908 | D:6      | Reached skill level 5 in Summonings
  3964 | D:6      | Found a staircase to the Ecumenical Temple.
  3975 | Temple   | Entered the Ecumenical Temple
  3975 | Temple   | Found a transporter.
  3975 | Temple   | Found a transporter.
  3977 | Temple   | Found a transporter.
  3977 | Temple   | Found a transporter.
  3992 | Temple   | Became a worshipper of Hepliaklqana the Forgotten
  3992 | Temple   | Reached * piety under Hepliaklqana
  3992 | Temple   | Reached ** piety under Hepliaklqana
  3994 | Temple   | Remembered your ancestor Dube as a hexer
  4591 | D:6      | Reached skill level 5 in Fighting
  4832 | D:7      | Reached skill level 10 in Polearms
  4994 | D:7      | Reached XP level 9. HP: 49/49 MP: 10/10
  5064 | D:7      | Found a transporter.
  5069 | D:7      | Found a transporter.
  5070 | D:7      | Noticed Soil's ghost (novice FeFi)
  5090 | D:7      | Noticed a queen bee
  5103 | D:7      | Noticed a hornet
  5204 | D:7      | Reached *** piety under Hepliaklqana
  5226 | D:7      | Found an ornate altar of the Wu Jian Council.
  5433 | D:7      | Found a basalt altar of Yredelemnul.
  5743 | D:8      | Found a runed translucent gate.
  5745 | D:8      | Found a runed translucent gate.
  5746 | D:8      | Found a runed translucent gate.
  5747 | D:8      | Noticed Nabski's ghost (novice TeFE)
  5748 | D:8      | Noticed Rudyous's ghost (novice MiFi)
  5748 | D:8      | Noticed bronco's ghost (novice BaGl)
  5796 | D:8      | Reached skill level 6 in Fighting
  5975 | D:8      | Reached skill level 7 in Fighting
  6252 | D:8      | Found a runed translucent door.
  6252 | D:8      | Found a runed translucent door.
  6252 | D:8      | Noticed a manticore
  6270 | D:8      | Killed a manticore
  6271 | D:8      | Reached skill level 8 in Fighting
  6553 | D:8      | Reached XP level 10. HP: 58/58 MP: 8/11
  6563 | D:8      | Reached skill level 9 in Fighting
  6733 | D:8      | Noticed a deep elf pyromancer
  6733 | D:8      | Noticed a cyclops
  6739 | D:8      | Noticed a centaur warrior
  6740 | D:8      | Noticed a boulder beetle
  6743 | D:8      | Killed a deep elf pyromancer
  6744 | D:8      | Reached skill level 5 in Dodging
  6746 | D:8      | Noticed a boulder beetle
  7228 | D:8      | Killed a boulder beetle
  7229 | D:8      | Reached skill level 10 in Fighting
  7355 | D:8      | Identified the +7 triple crossbow of the Poles {freeze,
                  | Will+ rCorr Int+2}
  7754 | D:8      | Killed a centaur warrior
  7869 | D:8      | Reached skill level 11 in Fighting
  8487 | D:8      | Killed a boulder beetle
  8586 | D:8      | Killed a cyclops
  8587 | D:8      | Reached skill level 12 in Fighting
  8646 | D:8      | Noticed a green ugly thing
  8660 | D:8      | Killed a green ugly thing
  8661 | D:8      | Reached XP level 11. HP: 68/68 MP: 9/12
  8690 | D:8      | Noticed a catoblepas
  9007 | D:9      | Reached skill level 1 in Ranged Weapons
  9527 | D:9      | Noticed Psyche
  9541 | D:9      | Killed Psyche
  9965 | D:9      | Reached **** piety under Hepliaklqana
 10136 | D:10     | Entered Level 10 of the Dungeon
 10347 | D:10     | Noticed a boulder beetle
 10349 | D:10     | HP: 3/69 [troll (5)]
 10355 | D:10     | Found a staircase to the Orcish Mines.
 10365 | D:10     | HP: 3/69 [vampire mosquito (2)]
 10402 | D:9      | Reached skill level 13 in Fighting
 11257 | D:10     | Found a staircase to the Lair.
 11264 | D:10     | Reached skill level 5 in Ranged Weapons
 11539 | D:10     | Killed a boulder beetle
 11702 | D:11     | Noticed a cyclops
 11705 | D:11     | Killed a cyclops
 11840 | D:11     | Noticed a cyclops
 11843 | D:11     | Killed a cyclops
 11863 | D:11     | Noticed a two-headed ogre
 11868 | D:11     | Killed a two-headed ogre
 11869 | D:11     | Reached XP level 12. HP: 75/75 MP: 13/13
 12068 | D:11     | Found a runed translucent gate.
 12068 | D:11     | Found a runed translucent gate.
 12068 | D:11     | Found a runed translucent gate.
 12071 | D:11     | Noticed Widucin's ghost (novice FoFi)
 12071 | D:11     | Noticed Kyeffe's ghost (journeyman GnTm)
 12072 | D:11     | Noticed lotum's ghost (journeyman OpEE)
 12072 | D:11     | Noticed Marolof's ghost (journeyman DsBe)
 12074 | D:11     | Noticed Wafas's ghost (journeyman MiFi)
 12178 | D:11     | Identified the +5 ring mail of the Valley of Death {rElec
                  | rC+ Will+++ Str-5}
 13121 | D:12     | Reached ***** piety under Hepliaklqana
 13567 | D:13     | Noticed a centaur warrior
 13677 | D:13     | Reached skill level 10 in Ranged Weapons
 13816 | D:13     | Noticed a centaur warrior
 13818 | D:13     | Killed a centaur warrior
 14054 | D:13     | Killed a centaur warrior
 14169 | D:13     | Identified the +3 leather armour "Hehuacel" {+Blink Dex-2
                  | Stlth+}
 14423 | D:13     | Noticed a centaur warrior
 14426 | D:13     | Killed a centaur warrior
 14652 | D:14     | Noticed Louise
 14656 | D:14     | Killed Louise
 14771 | D:14     | Identified Roxanne's Tome of Grit
 14771 | D:14     | Noticed Roxanne
 15094 | D:14     | Noticed Frances
 15103 | D:14     | Killed from afar by Frances

Illustrated notes

Levels and vault maps discovered:
D:1:      lemuel_arrival_muddy, layout_rooms, minmay_lizard_pond
D:2:      layout_loops_ring, hellmonk_ecumenical_altar_watching_god,
          grunt_decor_one_mirror, minmay_pentomino_pile
D:3:      minmay_octagon_keep, layout_basic, jmf_multi_god_temple2,
          nicolae_overflow_crystal_walls, uniq_crazy_yiuf_cottage
D:4:      layout_basic, enter_ossuary_5, amcnicky_mini_corridor_feature,
          minmay_misc_feat_cross, uniq_grinder, uniq_natasha
D:5:      layout_loops_ring, kennysheep_generic_room_3
D:6:      wander_river, layout_basic, temple_statues
D:7:      layout_loops_cross, pdpol_wu_jian_five_deadly_venoms,
          marbit_many_paths, gammafunk_ghost_hive, hangedman_decor_lopped,
          minivault_1
D:8:      minmay_the_grid_triangle_9x9_rhombus_full
          [minmay_the_grid_triangle_9x9_corrupted_corridor,
          minmay_the_grid_triangle_9x9_tough_junction,
          minmay_the_grid_triangle_9x9_zippers_vertical,
          minmay_the_grid_triangle_9x9_longest,
          minmay_the_grid_triangle_9x9_corruption,
          minmay_the_grid_triangle_9x9_swiss_cheese,
          minmay_the_grid_triangle_9x9_shrine,
          minmay_the_grid_triangle_9x9_prize_schism], layout_basic,
          gammafunk_ghost_cemetery
D:9:      layout_gridville, lightli_orcish_oven, uniq_psyche
D:10:     layout_rooms, erik_lair_dragon, minmay_orc_entry_temple_small
D:11:     layout_roguey, gammafunk_ghost_cemetery
D:12:     layout_grid_maze
D:13:     layout_irregular_city
D:14:     layout_stronghold, erik_vaults_1, grunt_gozag_breadcrumbs,
          uniq_roxanne, uniq_louise, uniq_frances
Temple:   hellmonk_temple_divided_pantheon

Skill      XL: |  1  2  3  4  5  6  7  8  9 10 11 12 |
---------------+-------------------------------------+-----
Summonings     | 1 2 3 4 5 |  5.0
Polearms       | 4 5 6 7 8 10 11 | 11.0
Fighting       | 4 5 8 12 13 | 13.6
Dodging        | 4 5 7 |  7.8
Ranged Weapons | 7 12 | 12.4
Stealth        | |  2.0

Action                     |  1- 3 |  4- 6 |  7- 9 | 10-12 || total
---------------------------+-------+-------+-------+-------++-------
  Melee: Spear             |    78 |    79 |       |       ||   157
         Kick              |    13 |    27 |    37 |    43 ||   120
         Peck              |     5 |    15 |    22 |    31 ||    73
         Halberd           |       |    67 |   175 |   184 ||   426
   Fire: Triple crossbow   |       |       |       |   168 ||   168
  Throw: Javelin           |     4 |       |       |       ||     4
   Cast: Call Canine Famil |       |     9 |    18 |    44 ||    71
 Invoke: Recall Ancestor   |       |       |     1 |     1 ||     2
         Ancestor Life: He |       |       |     1 |       ||     1
    Use: Scroll            |       |     3 |     6 |    14 ||    23
         Potion            |       |     1 |     3 |     6 ||    10
   Stab: Sleeping          |     3 |    10 |     5 |       ||    18
         Distracted        |       |       |     4 |     5 ||     9
         Confused          |       |       |     5 |     1 ||     6
 Armour: Robe              |     1 |     9 |    27 |    24 ||    61
         Leather armour    |    10 |     5 |       |       ||    15
         Skin              |       |       |     8 |       ||     8
  Dodge: Dodged            |    30 |    62 |    61 |   234 ||   387

Table legend: (Time is in decaauts)
 A = Elapsed time spent in this place.
 B = Non-inter-level travel time spent in this place.
 C = Inter-level travel time spent in this place.
 D = Time resting spent in this place.
 E = Time spent auto-exploring this place.
 F = Levels seen in this place.
 G = Mean time per level.
                   A        B        C        D        E       F      G
               +--------+--------+--------+--------+--------+-----+--------+
         Total |  14454 |  13985 |    469 |   3869 |   7378 |  16 |  903.4 |
       Dungeon |  14207 |  13738 |    469 |   3857 |   7277 |  14 | 1014.8 |
        Temple |     36 |     36 |      0 |      0 |      0 |   1 |   36.0 |
       Ossuary |    210 |    210 |      0 |     12 |    101 |   1 |  210.0 |
               +--------+--------+--------+--------+--------+-----+--------+

Top non-repeatable levels by time:
     D:8: 2776 daAuts
     D:9: 2173 daAuts
     D:3: 1112 daAuts
    D:13: 1074 daAuts
    D:12: 1048 daAuts
     D:6: 935 daAuts
     D:7: 912 daAuts
     D:2: 845 daAuts
    D:10: 728 daAuts
    D:11: 709 daAuts
     D:5: 609 daAuts
     D:1: 566 daAuts
    D:14: 432 daAuts
     D:4: 283 daAuts
 Ossuary: 210 daAuts
